 Dungeon Crawl Stone Soup version 0.30.0-20-g3615ddf2f0 (webtiles) character file.

Game seed: 13496551669200184943

384 qw the Chopper (level 6, 0/39 HPs)
             Began as a Gargoyle Fighter on May 27, 2023.
             Slain by Pikel
             ... wielding a +0 whip of freezing
              (2 damage)
             ... on level 5 of the Dungeon.
             The game lasted 00:02:15 (3672 turns).

qw the Chopper (Gargoyle Fighter)                   Turns: 3672, Time: 00:02:16

Health: 0/39       AC: 17    Str: 20 (22) XL:     6   Next: 77%
Magic:  0/6        EV:  7    Int:  5 (8)  God:
Gold:   93         SH:  4    Dex:  7 (9)  Spells: 5/5 levels left

rFire   . . .        Y - +1 war axe
rCold   . . .        c - +0 buckler
rNeg    + . .        q - +0 storm dragon scales
rPois   inf          p - +0 helmet
rElec   +            (no cloak)
rCorr   .            (no gloves)
SInv    .            (no boots)
Will    .....        a - amulet of guardian spirit Stlth
                     (no ring)
HPRegen 0.26/turn    (no ring)
MPRegen 0.10/turn

%: guardian spirit
@: no status effects
A: sickness immunity, AC +4, negative energy resistance 1, electricity
resistance, torment resistance 1, petrification resistance
a: no special abilities


You were on level 5 of the Dungeon.
You visited 1 branch of the dungeon, and saw 5 of its levels.

You collected 205 gold pieces.
You spent 112 gold pieces at shops.


Innate Abilities, Weirdness & Mutations

You are immune to sickness and miasma.
Your stone body is resilient. (AC +4)
You are immune to poison.
You resist negative energy. (rN+)
You are resistant to electric shocks. (rElec)
You are resistant to unholy torment.
You are immune to petrification.


   Skills:
 - Level 4.4 Fighting
 + Level 5.9 Axes
 - Level 3.2 Armour
 - Level 3.2 Shields


You had 5 spell levels left.
You didn't know any spells.
Your spell library was empty.

Inventory:

Hand Weapons
 b - the +7 mace of Charity {pain, Fly Will- rCorr Str+7}
   (You found it on level 4 of the Dungeon)

   Str:       It affects your strength (+7).
   Fly:       It grants you flight.
   rCorr:     It protects you from acid and corrosion.
   Will:      It decreases your willpower.
 f - a +2 flail of protection
 Y - a +1 war axe (weapon)
Armour
 c - a +0 buckler (worn)
 p - a +0 helmet (worn)
 q - +0 storm dragon scales (worn)
Jewellery
 a - an amulet of guardian spirit (around neck)
 i - a ring of ice
 o - a ring of fire
Scrolls
 e - 2 scrolls of identify
Potions
 d - 2 potions of might
 k - a potion of lignification {unknown}
 l - a potion of ambrosia {unknown}

Dungeon Overview and Level Annotations

Branches:
Dungeon (5/15)
 Temple: D:4-7

Altars:
Nemelex Xobeh
Xom
The Shining One

Shops:
D:3 [   D:4 :

Annotations:
D:5 Pikel


Message History

You closely miss Pikel.
Pikel is lightly wounded.
Pikel hits you with a +0 whip of freezing!
Pikel freezes you. You block Pikel's attack.
You barely miss Pikel.
Pikel is lightly wounded.
Pikel hits you but does no damage.
You hit Pikel.
Pikel is moderately wounded.
You block Pikel's attack.
You barely miss Pikel.
Pikel is moderately wounded.
Pikel hits you but does no damage.
You barely miss Pikel.
Pikel is moderately wounded.
Pikel hits you with a +0 whip of freezing.
Pikel freezes you.
Pikel hits you with a +0 whip of freezing.
Pikel freezes you.
You hit Pikel but do no damage.
Pikel is moderately wounded.
Pikel hits you with a +0 whip of freezing.
Pikel freezes you.
You hit Pikel.
Pikel is moderately wounded.
Pikel hits you but does no damage.
You barely miss Pikel.
Pikel is moderately wounded.
Pikel closely misses you.
You barely miss Pikel.
Pikel is moderately wounded.
Pikel hits you with a +0 whip of freezing.
Pikel freezes you.
You barely miss Pikel.
Pikel is moderately wounded.
Pikel hits you but does no damage. Pikel closely misses you.
You slash Pikel!
Pikel is heavily wounded.
Pikel hits you with a +0 whip of freezing.
You die...

#####......
#.......#.### ##.#
#...........#.##.#
....###...#.#.##.# ....#
#..<....##.#
...%###.#.#.####.#
....'...#.#.####.#
....#####.....##.#+####.
....#.....#.#.#.@K).....
....#.#####.#.'.........
....# #.###.........
....# #.# #.........
##### #.# #........# #.#
##+#+##### #.#


You could see Pikel.

Vanquished Creatures
  4 lemures (D:5)
  2 scorpions
  A jelly (D:5)
  A sleepcap (D:5)
  Ijyb (D:5)
  An orc wizard (D:4)
  6 adders
  A gnoll (D:5)
  2 worms
  2 dart slugs
  3 orcs
  9 ball pythons
  4 endoplasms
  3 giant cockroaches
  4 goblins
  9 hobgoblins
  5 jackals
  6 kobolds
  3 quokkas
  8 bats
  3 frilled lizards
  A goblin zombie (D:4)
  9 rats
  A rat zombie (D:4)
  A spectral hobgoblin (D:2)
90 creatures vanquished.

Notes
Turn   | Place    | Note
-------+----------+-------------------------------------------
     0 | D:1      | qw the Gargoyle Fighter began the quest for the Orb.
     0 | D:1      | Reached XP level 1. HP: 14/14 MP: 1/1
     0 | D:1      | 0 ||| qw: Version: 0.2-a-100-g3d2c45e
     0 | D:1      | 0 ||| qw: Game counter: 188
     0 | D:1      | 0 ||| qw: Always use a shield: true
     0 | D:1      | 0 ||| qw: God list: Okawaru
     0 | D:1      | 0 ||| qw: Allow faded altars: false
     0 | D:1      | 0 ||| qw: Do Orc after D:15 true
     0 | D:1      | 0 ||| qw: Do second Lair branch before Depths: true
     0 | D:1      | 0 ||| qw: Lair rune preference: random
     0 | D:1      | 0 ||| qw: Plans: Normal, Zot:1-4, God:TSO, Crypt, Tomb,
                  | Pan, Slime:5, Hells, Abyss, Win
     0 | D:1      | 0 ||| PLANNING D:1-11
    69 | D:1      | Reached skill level 2 in Axes
    97 | D:1      | Reached XP level 2. HP: 18/19 MP: 2/2
   163 | D:1      | 163 ||| Stepping ~*~*~tactically~*~*~ (stealth).
   334 | D:1      | Reached skill level 3 in Axes
   463 | D:1      | Reached XP level 3. HP: 23/23 MP: 3/3
   491 | D:1      | 491 ||| DROPPING +0 club.
   687 | D:1      | 687 ||| READING scroll labelled KASHIN QAKOC.
   688 | D:1      | 688 ||| READING 5 scrolls labelled WOTETEO HATS.
   693 | D:1      | 693 ||| READING scroll labelled WUUCISOEDUA.
   971 | D:2      | Found a faded altar of an unknown god.
  1050 | D:2      | 1050 ||| Stepping ~*~*~tactically~*~*~ (hiding).
  1085 | D:2      | 1085 ||| Stepping ~*~*~tactically~*~*~ (stealth).
  1096 | D:2      | Reached XP level 4. HP: 25/28 MP: 4/4
  1517 | D:2      | 1517 ||| READING scroll labelled DAL WELUOTO.
  1518 | D:2      | 1518 ||| READING scroll labelled VIXIRH WIBRAUR.
  1619 | D:2      | 1619 ||| READING scroll labelled EVVUOK PAU.
  1620 | D:2      | 1620 ||| DRINKING 2 fizzy emerald potions.
  1621 | D:2      | 1621 ||| READING 2 scrolls of identify.
  1621 | D:2      | 1621 ||| IDENTIFYING brown potion
  1622 | D:2      | 1622 ||| DROPPING potion of magic.
  1692 | D:3      | Reached skill level 4 in Axes
  1753 | D:3      | Found a sparkling altar of Nemelex Xobeh.
  1998 | D:3      | Found Opaczae's Antique Armour Boutique.
  2001 | D:3      | 2001 ||| Stepping ~*~*~tactically~*~*~ (stealth).
  2002 | D:3      | 2002 ||| Stepping ~*~*~tactically~*~*~ (stealth).
  2003 | D:3      | 2003 ||| Stepping ~*~*~tactically~*~*~ (stealth).
  2006 | D:3      | 2006 ||| Stepping ~*~*~tactically~*~*~ (stealth).
  2007 | D:3      | 2007 ||| Stepping ~*~*~tactically~*~*~ (stealth).
  2034 | D:3      | 2034 ||| SHOPLISTING +18 shield of the Gong {Loud rN+ Will+
                  | rCorr EV-5} (2397 gold, have 146).
  2034 | D:3      | 2034 ||| BUYING chain mail (112 gold).
  2034 | D:3      | Bought a chain mail for 112 gold pieces
  2034 | D:3      | 2034 ||| SHOPLISTING glowing chain mail (187 gold, have
                  | 34).
  2034 | D:3      | 2034 ||| SHOPLISTING runed chain mail (187 gold, have 34).
  2098 | D:3      | Found a shimmering altar of Xom.
  2194 | D:3      | 2194 ||| UPGRADING to +0 chain mail.
  2204 | D:3      | 2204 ||| DROPPING +0 scale mail.
  2205 | D:3      | 2205 ||| READING scroll labelled CYRYGOSKOMIX.
  2206 | D:3      | 2206 ||| DRINKING 2 ruby potions.
  2311 | D:3      | 2311 ||| READING 2 scrolls of identify.
  2311 | D:3      | 2311 ||| IDENTIFYING cyan potion
  2312 | D:3      | 2312 ||| DROPPING potion of berserk rage.
  2313 | D:3      | 2313 ||| DROPPING potion of flight.
  2325 | D:4      | Noticed a scorpion
  2326 | D:4      | 2326 ||| PLANNING OSSUARY
  2329 | D:4      | 2329 ||| STAIRDANCE
  2335 | D:3      | Killed a scorpion
  2336 | D:3      | Reached skill level 5 in Axes
  2336 | D:3      | Reached XP level 5. HP: 23/32 MP: 5/5
  2389 | D:4      | Found Muuzacak's Vocational Training.
  2455 | D:4      | 2455 ||| Stepping ~*~*~tactically~*~*~ (stealth).
  2460 | D:4      | Identified the +7 mace of Charity {pain, Fly Will- rCorr
                  | Str+7}
  2462 | D:4      | 2462 ||| DROPPING +0 whip.
  2466 | D:4      | 2466 ||| Stepping ~*~*~tactically~*~*~ (stealth).
  2566 | D:4      | Found a glowing golden altar of the Shining One.
  2628 | D:4      | Reached XP level 6. HP: 34/39 MP: 6/6
  2911 | D:4      | 2911 ||| RIP OSSUARY
  2936 | D:4      | 2936 ||| PLANNING D:1-11
  2950 | D:4      | 2950 ||| Stepping ~*~*~tactically~*~*~ (stealth).
  2960 | D:4      | 2960 ||| Stepping ~*~*~tactically~*~*~ (stealth).
  2963 | D:4      | 2963 ||| Stepping ~*~*~tactically~*~*~ (stealth).
  3211 | D:4      | 3211 ||| UPGRADING to +0 helmet.
  3216 | D:4      | 3216 ||| UPGRADING to +0 storm dragon scales.
  3226 | D:4      | 3226 ||| DROPPING +0 chain mail.
  3227 | D:4      | 3227 ||| DROPPING scarf of harm.
  3228 | D:4      | 3228 ||| UPGRADING to amulet of guardian spirit.
  3233 | D:4      | 3233 ||| READING scroll labelled ADUSKI MYCU.
  3234 | D:4      | 3234 ||| READING scroll labelled OHEJON HIRPHIL.
  3235 | D:4      | 3235 ||| DRINKING 2 coppery potions.
  3236 | D:4      | 3236 ||| DROPPING potion of degeneration.
  3244 | D:5      | Entered Level 5 of the Dungeon
  3250 | D:5      | Noticed Pikel
  3251 | D:5      | 3251 ||| Stepping ~*~*~tactically~*~*~ (stealth).
  3323 | D:5      | Noticed Ijyb
  3332 | D:5      | HP: 7/39 [Ijyb/+6 spectral club (4)]
  3333 | D:5      | 3333 ||| READING 5 scrolls of teleportation.
  3334 | D:5      | 3334 ||| DRINKING potion of heal wounds.
  3336 | D:5      | Paralysed by Ijyb for 2 turns
  3340 | D:5      | Killed Ijyb
  3438 | D:5      | HP: 5/39 [gnoll sergeant/+5 trident of venom (6)]
  3439 | D:5      | 3439 ||| READING 4 scrolls of teleportation.
  3445 | D:5      | 3445 ||| READING 3 scrolls of teleportation.
  3449 | D:5      | 3449 ||| READING 2 scrolls of teleportation.
  3450 | D:5      | HP: 6/39 [acid (1)]
  3452 | D:5      | 3452 ||| READING scroll of teleportation.
  3455 | D:5      | 3455 ||| FLEEEEING.
  3456 | D:5      | 3456 ||| FLEEEEING.
  3457 | D:5      | 3457 ||| FLEEEEING.
  3458 | D:5      | 3458 ||| FLEEEEING.
  3459 | D:5      | 3459 ||| FLEEEEING.
  3461 | D:5      | HP: 6/39 [orc/+2 flail of protection (2)]
  3666 | D:5      | HP: 8/39 [Pikel/+0 whip of freezing (2)]
  3670 | D:5      | HP: 2/39 [Pikel/+0 whip of freezing (3)]
  3672 | D:5      | Slain by Pikel

Levels and vault maps discovered:
D:1:      matt_arrival_los_fun, layout_basic, serial_rivers,
          chequers_serial_rivers_room_b, chequers_serial_rivers_room_b,
          chequers_serial_rivers_marsh, chequers_serial_rivers_micro_b
D:2:      layout_basic, dreamdust_ecumenical_altar_drowned_temple
D:3:      layout_rooms, mainiacjoe_overflow_cross_hatched,
          nemelex_spade_bored_becter, serial_shops, nicolae_shop_dealshenge
D:4:      layout_loops_ring, mainiacjoe_overflow_alcove_4, enter_ossuary_4,
          nicolae_shop_vocational
D:5:      layout_basic, uniq_pikel, uniq_ijyb

Skill      XL: |  1  2  3  4  5 |
---------------+----------------+-----
Axes           | 2 3 5 |  5.9
Fighting       | 4 |  4.4
Armour         | |  3.2
Shields        | |  3.2

Action                     |  1- 3 |  4- 6 || total
---------------------------+-------+-------++-------
  Melee: War axe           |   112 |   259 ||   371
    Use: Scroll            |     3 |    13 ||    16
         Potion            |       |     4 ||     4
 Armour: Scale mail        |    61 |    27 ||    88
         Chain mail        |       |    50 ||    50
         Storm dragon scal |       |    64 ||    64
  Dodge: Dodged            |    61 |    73 ||   134
  Block: Buckler           |    18 |    43 ||    61

Table legend:
 A = Non-vault XP
 B = Vault XP
 C = Vault XP percentage of total XP
 D = Non-vault monster count
 E = Vault monster count
 F = Vault count percentage of total count
                 A         B        C        D         E       F
            +---------+---------+-------+---------+---------+-------
      Total |     508 |      41 |   7.5 |      82 |       4 |   4.7
            +---------+---------+-------+---------+---------+-------
        D:1 |      38 |       0 |   0.0 |      22 |       0 |   0.0
        D:2 |      57 |       1 |   1.7 |      21 |       1 |   4.5
        D:3 |     132 |       0 |   0.0 |      17 |       0 |   0.0
        D:4 |     160 |       2 |   1.2 |      17 |       2 |  10.5
        D:5 |     121 |      38 |  23.9 |       5 |       1 |  16.7
            +---------+---------+-------+---------+---------+-------
